 Dungeon Crawl Stone Soup version 0.22-a0-293-gc9362ec4a2 (webtiles) character file.

168 Infinimo the Insei (level 5, 0/39 HPs)
             Began as a Merfolk Transmuter on Mar 24, 2018.
             Slain by an orc wizard
             ... wielding a +0 dagger
              (3 damage)
             ... on level 3 of the Dungeon.
             The game lasted 00:05:57 (3426 turns).

Infinimo the Insei (Merfolk Transmuter)             Turns: 3426, Time: 00:05:58

Health: 0/39       AC:  4    Str:  8 (11) XL:     5   Next: 49%
Magic:  17/17      EV: 13    Int: 12 (13) God:
Gold:   77         SH:  0    Dex: 12 (14) Spells: 4/8 levels left

rFire    . . .     SeeInvis .     - Unarmed
rCold    . . .     Gourm    .   (no shield)
rNeg     . . .     Faith    +   b - +0 robe
rPois    .         Spirit   .   f - +1 helmet (curse)
rElec    .         Reflect  .   (no cloak)
rCorr    .         Harm     .   (no gloves)
MR       .....                  (no boots)
Stlth    +.........             g - amulet of faith
HPRegen  0.13/turn              i - ring of magical power
MPRegen  0.15/turn              (no ring)

@: no status effects
A: change form in water, swift swim, stealthy swim
a: no special abilities


You were on level 3 of the Dungeon.
You were hungry.

You visited 1 branch of the dungeon, and saw 3 of its levels.

You collected 77 gold pieces.

Inventory:

Missiles
 j - 14 arrows
Armour
 b - a +0 robe (worn)
 f - a cursed +1 helmet (worn)
Jewellery
 a - a +3 ring of dexterity
 g - an amulet of faith (around neck)
 i - a ring of magical power (left hand)
Scrolls
 c - a scroll of amnesia
 e - 2 scrolls of identify
Potions
 k - a potion of haste
Comestibles
 d - 5 rations


   Skills:
 + Level 2.6 Fighting
 + Level 3.9 Dodging
 * Level 4.9 Unarmed Combat
 - Level 2.0 Spellcasting
 + Level 4.0 Transmutations


You had 4 spell levels left.
You knew the following spells:

 Your Spells              Type           Power        Failure   Level  Hunger
a - Beastly Appendage     Tmut           ##....       4%          1    ##.....
b - Spider Form           Tmut/Pois      #.........   34%         3    ####...


Dungeon Overview and Level Annotations

Branches:
Dungeon (3/15)

Altars:


Message History

Confirm with . or Enter, or press ? or * to list all spells.
You have no appropriate body parts free.
You hear some strange, mumbled words.
You hear the rapid rusting of a distant drain.
The orc is almost dead.
The orc hits you with a flail of protection.
The orc is almost dead.
The orc hits you with a flail of protection.
Something hits you. Something hits you.
* * * LOW HITPOINT WARNING * * *
You hear some strange, mumbled words.
A magic dart appears from out of thin air!
The magic dart hits you!
* * * LOW HITPOINT WARNING * * *
It was a potion of degeneration.
There was something very wrong with that liquid.
You feel weakened.
You feel dopey.
You feel clumsy. Something hits you.
You die...

# #..#..# ##..........# #
##....## #............ ##
#..#...# #............
.###.####.######............
.....# ...#...#..........#
#..### ##.....##...##...##
#)## ##...##...# ## ..###
#....oo#.##
....#########...@###o.##
.##.............## ##{!#
..###...........# ##..#
#..##...........# #..#
##.#######.##...# #... #..#
#.##...# ..... ##.##
#.###### .... #..# #.# ....
##.#####.# ...


You could see 2 orcs.

Vanquished Creatures
  Robin (D:1)
  8 adders
  An ooze (D:1)
  A worm (D:3)
  A dart slug (D:1)
  4 leopard geckos
  5 orcs
  4 bats (D:1)
  A giant cockroach (D:1)
  15 goblins
  13 hobgoblins
  A quokka (D:2)
  A ball python (D:3)
  4 frilled lizards
  3 kobolds
  7 rats
70 creatures vanquished.

Notes
Turn   | Place    | Note
-------+----------+-------------------------------------------
     0 | D:1      | Infinimo the Merfolk Transmuter began the quest for the Orb.
     0 | D:1      | Reached XP level 1. HP: 15/15 MP: 3/3
   262 | D:1      | Reached XP level 2. HP: 19/21 MP: 3/5
   670 | D:1      | Reached XP level 3. HP: 21/26 MP: 4/6
  1012 | D:2      | Learned a level 3 spell: Spider Form
  1137 | D:2      | Reached XP level 4. HP: 12/33 MP: 7/7
  1691 | D:2      | Noticed Robin
  2061 | D:1      | Killed Robin
  2466 | D:2      | Reached XP level 5. HP: 25/39 MP: 8/8
  3426 | D:3      | Slain by an orc wizard

Vault maps used:
D:1:      minmay_arrival_wavy_path
D:2:      first_ration, uniq_robin
D:3:      nicolae_overflow_hidden_temple, gup_sewer_entry_pipe

Skill      XL: |  1  2  3  4  5 |
---------------+----------------+-----
Dodging        | 3 |  3.9
Transmutations | 3 4 |  4.0
Unarmed Combat | 4 |  4.9
Fighting       | 2 |  2.6
Spellcasting   | |  2.0

Action                   |  1- 3 |  4- 6 || total
-------------------------+-------+-------++-------
Melee: Unarmed           |   106 |   155 ||   261
       Headbutt          |    10 |     2 ||    12
       Punch             |       |     4 ||     4
 Cast: Beastly Appendage |    17 |     6 ||    23
  Use: Scroll            |       |     4 ||     4
       Potion            |       |     1 ||     1
 Stab: Sleeping          |     4 |       ||     4
  Eat: Chunk             |     1 |     7 ||     8
Armor: Robe              |    14 |    23 ||    37
Dodge: Dodged            |    77 |   106 ||   183

Table legend:
 A = Spawn XP
 B = Non-spawn XP
 C = Spawn XP percentage of total XP
 D = Spawn monster count
 E = Non-spawn monster count
 F = Spawn count percentage of total count
 G = Total turns spent on level
                    A         B        C        D         E        F      G
               +---------+---------+-------+---------+---------+-------+---------
         Total |       0 |     241 |   0.0 |       0 |      70 |   0.0 |  3426
               +---------+---------+-------+---------+---------+-------+---------
           D:1 |       0 |      86 |   0.0 |       0 |      37 |   0.0 |  1710
           D:2 |       0 |     114 |   0.0 |       0 |      20 |   0.0 |  1281
           D:3 |       0 |      41 |   0.0 |       0 |      13 |   0.0 |   435
               +---------+---------+-------+---------+---------+-------+---------
